 Dungeon Crawl Stone Soup version 0.26.1-11-gd32895ea62 (webtiles) character file.

Game seed: 7734600440935092298

19 vvl the Chopper (level 2, -5/28 HPs)
             Began as a Naga Berserker on June 2, 2021.
             Was a Follower of Trog.
             Slain by Sigmund
             ... wielding a +0 scythe
              (13 damage)
             ... on level 2 of the Dungeon.
             The game lasted 00:02:35 (1190 turns).

vvl the Chopper (Naga Berserker)                    Turns: 1190, Time: 00:02:35

Health: -5/28      AC:  1    Str: 19    XL:     2   Next: 75%
Magic:  2/2        EV: 10    Int:  7    God:    Trog [*.....]
Gold:   17         SH:  0    Dex: 10    Spells: 1/1 levels left

rFire    . . .     SeeInvis +   c - +0 dagger (speed)
rCold    . . .     Faith    .   (no shield)
rNeg     . . .     Spirit   .   b - +0 animal skin
rPois    +         Reflect  .   (no helmet)
rElec    .         Harm     .   (no cloak)
rCorr    .         Rampage  .   (no gloves)
Will     .....                  (no barding)
Stlth    ++........             (no amulet)
HPRegen  0.09/turn              (no ring)
MPRegen  0.08/turn              (no ring)

@: very slow
A: large, see invisible, deformed body, poison resistance, slowness 2, spit
poison 1, AC +0
a: Spit Poison, Renounce Religion, Berserk


You were on level 2 of the Dungeon.
You worshipped Trog.
Trog was aware of your devotion.
You visited 1 branch of the dungeon, and saw 2 of its levels.

You collected 17 gold pieces.

Inventory:

Hand Weapons
 a - a +0 hand axe
 c - a +0 dagger of speed (weapon)
Armour
 b - a +0 animal skin (worn)
Scrolls
 d - 3 scrolls of identify {unknown}
 f - 2 scrolls of teleportation {unknown}
 h - a scroll of immolation {unknown}
Potions
 e - a potion of resistance {unknown}
 g - a potion of flight {unknown}
 i - a potion of curing {unknown}
 j - 2 potions of cancellation {unknown}


   Skills:
 + Level 3.1 Fighting
 + Level 3.2 Axes
 + Level 1.7 Armour
 + Level 1.7 Dodging
 * Level 2.2 Stealth


You had one spell level left.
You didn't know any spells.
Your spell library was empty.

Dungeon Overview and Level Annotations

Branches:
Dungeon (2/15)

Altars:
Dithmenos
Qazlal
Vehumet
Xom

Annotations:
D:2 Sigmund


Innate Abilities, Weirdness & Mutations

You cannot wear boots.
Your serpentine skin is tough. (AC +0)
You have supernaturally acute eyesight. (SInv)
Armour fits poorly on your strangely shaped body.
Your system is resistant to poisons. (rPois)
You cover ground very slowly.
You can spit poison.


Message History

You hit the rat.
You kill the rat!
Trog accepts your kill. The bat barely misses you.
You hit the bat.
The bat is moderately wounded.
The bat hits you but does no damage. The bat closely misses you.
The kobold throws a stone.
The stone barely misses you. Sigmund barely misses you.
You barely miss the goblin. The bat hits you. The bat misses you.
You hit the goblin.
You kill the goblin!
Trog accepts your kill. The bat hits you.
* * * LOW HITPOINT WARNING * * *
The bat hits you but does no damage.
An adder comes into view.
You barely miss the bat. The bat barely misses you. The bat closely misses you.
Sigmund hits you from afar with a +0 scythe!
You die...

### #[. #.# #.#
###.### #.....#
#.....##+######
#..<.@)@...K?..
#....b.b..####S
#.[.......#
#.....#####
#.....# #.....#
#..?...
######..


You could see Sigmund (invisible), an adder, 2 bats and a kobold.

Vanquished Creatures
  A dart slug (D:1)
  A leopard gecko (D:1)
  2 giant cockroaches (D:1)
  3 goblins
  2 hobgoblins (D:1)
  A bat (D:1)
  A frilled lizard (D:1)
  3 kobolds (D:1)
  2 rats
16 creatures vanquished.

Notes
Turn   | Place    | Note
-------+----------+-------------------------------------------
     0 | D:1      | vvl the Naga Berserker began the quest for the Orb.
     0 | D:1      | Reached XP level 1. HP: 21/21 MP: 1/1
    96 | D:1      | Reached skill level 1 in Stealth
   313 | D:1      | Reached XP level 2. HP: 28/28 MP: 2/2
  1101 | D:1      | Found an iron altar of Okawaru.
  1103 | D:1      | Found a radiant altar of Vehumet.
  1103 | D:1      | Found a shadowy altar of Dithmenos.
  1105 | D:1      | Found a stormy altar of Qazlal.
  1105 | D:1      | Found a stormy altar of Qazlal.
  1105 | D:1      | Found a shimmering altar of Xom.
  1163 | D:2      | Noticed Sigmund
  1190 | D:2      | Slain by Sigmund

Illustrated notes

Levels and vault maps discovered:
D:1:      beargit_arrival_greenhouse, layout_basic, minmay_crystal_room,
          nrook_mini_backslash, doesnt_xom_only_xom
D:2:      layout_basic, uniq_sigmund, uniq_robin

Skill      XL: |  1  2 |
---------------+-------+-----
Stealth        | 1 2 |  2.2
Fighting       | |  3.1
Axes           | |  3.2
Armour         | |  1.7
Dodging        | |  1.7

Action                   || total
-------------------------++-------
Melee: Dagger            ||    78
       Hand axe          ||     6
 Stab: Sleeping          ||     1
Armor: Animal skin       ||    20
Dodge: Dodged            ||    71
